 Dungeon Crawl Stone Soup version 0.30-a0-365-ge7f957f1db (webtiles) character file.

Game seed: 8799046439522540932

410 retardedninja the Covered (level 6, -5/56 HPs)
             Began as a Minotaur Fighter on Nov 17, 2022.
             Was an Initiate of Gozag.
             Slain by an ogre
             ... wielding a +0 giant spiked club
              (16 damage)
             ... on level 5 of the Dungeon.
             The game lasted 00:04:36 (3616 turns).

retardedninja the Covered (Minotaur Fighter)        Turns: 3616, Time: 00:04:36

Health: -5/56      AC: 12    Str: 22    XL:     6   Next: 58%
Magic:  0/5        EV:  6    Int:  5    God:    Gozag
Gold:   366        SH:  5    Dex: 10    Spells: 5/5 levels left

rFire   . . .      SeeInvis .    a - +0 war axe
rCold   . . .      Faith    .    c - +0 buckler
rNeg    . . .      Spirit   +    u - +0 plate armour
rPois   .          Reflect  .    (helmet restricted)
rElec   .          Harm     .    (no cloak)
rCorr   +          Rampage  .    (no gloves)
Will    .....                    (no boots)
Stlth   ..........               n - amulet of guardian spirit
HPRegen 0.29/turn                s - ring of resist corrosion
MPRegen 0.09/turn                (no ring)

@: no status effects
A: horns 2, retaliatory headbutt
a: Renounce Religion, Potion Petition, Call Merchant, Bribe Branch


You were on level 5 of the Dungeon.
You worshipped Gozag.
Gozag was aware of your devotion.
You visited 1 branch of the dungeon, and saw 5 of its levels.

You collected 436 gold pieces.
You paid 70 gold pieces to Gozag.

Inventory:

Hand Weapons
 a - a +0 war axe (weapon)
Missiles
 t - 4 silver javelins (quivered)
Armour
 c - a +0 buckler (worn)
 u - a +0 plate armour (worn)
Jewellery
 b - a ring of flight
 n - an amulet of guardian spirit (around neck)
 s - a ring of resist corrosion (left hand)
Wands
 h - a wand of iceblast (2)
 l - a wand of polymorph (7)
Scrolls
 g - 2 scrolls of blinking {unknown}
 j - 2 scrolls of magic mapping {unknown}
 m - a scroll of noise {unknown}
 o - 3 scrolls of identify {unknown}
 p - 2 scrolls of butterflies {unknown}
 q - 4 scrolls of teleportation {unknown}
 v - a scroll of enchant weapon {unknown}
 w - a scroll of poison {unknown}
Potions
 d - a potion of might
 e - 2 potions of brilliance {unknown}
 f - a potion of mutation {unknown}
 i - 4 potions of curing {unknown}
 k - a potion of degeneration {unknown}
 r - 2 potions of heal wounds {unknown}
 x - a potion of berserk rage {unknown}


   Skills:
 + Level 5.4 Fighting
 + Level 4.7 Axes
 + Level 5.5 Armour
 + Level 5.4 Shields


You had 5 spell levels left.
You didn't know any spells.
Your spell library contained the following spells:

 Spells                   Type           Power      Damage    Failure   Level
 Summon Forest            Summ/Tloc      0%         N/A       100%        5
 Eringya's Noxious Bog    Tmut/Pois      0%         N/A       100%        6
 Summon Hydra             Summ           0%         N/A       100%        7


Dungeon Overview and Level Annotations

Branches:
Dungeon (5/15)
 Temple: D:4-7

Altars:
Dithmenos
Gozag
Uskayaw
Wu Jian
Zin

Annotations:
D:3 3 runed translucent doors, Darkkill's ghost, amateur MiHu


Innate Abilities, Weirdness & Mutations

You have a pair of horns on your head.
You reflexively headbutt those who attack you in melee.


Message History

You barely miss the hound.
You headbutt the hound, but do no damage.
The hound is almost dead.
The hound bites you. The hound bites you but does no damage.
You hit the hound.
You kill the hound!
No target in view!
No target in view!
No target in view!
No target in view!
HP restored.
You now have 366 gold pieces (gained 6).
Found 8 stones.
An ogre comes into view. It is wielding a +0 giant spiked club.
An ogre is nearby!
An ogre is nearby!
The ogre hits you with a +0 giant spiked club!
You completely miss the ogre. The ogre closely misses you.
You furiously retaliate!
You headbutt the ogre. You barely miss the ogre.
The ogre is lightly wounded.
The ogre hits you with a +0 giant spiked club!
You slash the ogre! You headbutt the ogre!
The ogre is severely wounded.
An adder comes into view.
The ogre hits you with a +0 giant spiked club!!
* * * LOW HITPOINT WARNING * * *
You are too injured to fight recklessly!
You are too injured to fight recklessly!
You are too injured to fight recklessly!
You are too injured to fight recklessly!
You are too injured to fight recklessly!
You are too injured to fight recklessly!
You are too injured to fight recklessly!
The adder hisses angrily.
You hit the ogre.
The ogre is almost dead.
The ogre hits you with a +0 giant spiked club!
You die...
Your body crumbles into a pile of gold.

# ## #. #. ###.###. #.#
. #....... ### ..#
.##.#####. ..# #(##
..#.#..... #.#...#
#.#.#.#### ..#####.##.#
#.#.#.# # ..S...O@...#
#.#.#.####
..########.####.#.#.#...
#.#..........##
#.#.##.#..#..##
#.#.##.#..#...#
#...........#.. $
#...##.##.#...#
##..##.##.#.#..
#........#># #


You could see an ogre and an adder.

Vanquished Creatures
  A phantom (D:4)
  A scorpion (D:4)
  2 hounds
  An iguana (D:4)
  Robin (D:3)
  7 adders
  A worm (D:4)
  2 dart slugs
  8 orcs
  6 endoplasms
  A giant cockroach (D:3)
  18 goblins
  14 hobgoblins
  6 jackals
  6 kobolds
  4 quokkas
  11 ball pythons
  A bat (D:1)
  4 frilled lizards
  6 rats
101 creatures vanquished.

Notes
Turn   | Place    | Note
-------+----------+-------------------------------------------
     0 | D:1      | retardedninja the Minotaur Fighter began the quest for the
                  | Orb.
     0 | D:1      | Reached XP level 1. HP: 19/19 MP: 0/0
   290 | D:1      | Reached XP level 2. HP: 27/27 MP: 1/1
  1112 | D:2      | Reached XP level 3. HP: 31/33 MP: 2/2
  1414 | D:2      | Reached XP level 4. HP: 35/41 MP: 3/3
  1808 | D:3      | Reached XP level 5. HP: 17/47 MP: 4/4
  2137 | D:3      | Found a runed translucent gate.
  2138 | D:3      | Found a runed translucent gate.
  2138 | D:3      | Noticed Darkkill's ghost (amateur MiHu)
  2139 | D:3      | Found a runed translucent gate.
  2242 | D:3      | Noticed Robin
  2251 | D:3      | Killed Robin
  2367 | D:3      | Found a shadowy altar of Dithmenos.
  2483 | D:3      | Found an opulent altar of Gozag.
  2506 | D:3      | Became a worshipper of Gozag Ym Sagoz the Greedy
  2653 | D:3      | Found a glowing silver altar of Zin.
  3029 | D:4      | Found an ornate altar of the Wu Jian Council.
  3039 | D:4      | Reached skill level 5 in Armour
  3041 | D:4      | Noticed a phantom
  3047 | D:4      | Killed a phantom
  3048 | D:4      | Reached skill level 5 in Fighting
  3048 | D:4      | Reached skill level 5 in Shields
  3048 | D:4      | Reached XP level 6. HP: 52/56 MP: 5/5
  3291 | D:4      | Found a hide-covered altar of Uskayaw.
  3561 | D:5      | Entered Level 5 of the Dungeon
  3616 | D:5      | Slain by an ogre

Illustrated notes

Levels and vault maps discovered:
D:1:      psy_arrival_basics, layout_basic, minmay_misc_feat_room
D:2:      minmay_angry_zag, layout_loops_cross, serial_rivers,
          chequers_serial_rivers_room_b, chequers_serial_rivers_room_a,
          chequers_serial_rivers_micro_d, chequers_serial_rivers_room_a,
          nrook_campfire
D:3:      layout_basic, general_overflow_altar, lemuel_round_altar,
          lemuel_coloured_pillars_altar, biasface_ghost_orc_armoury,
          minmay_misc_feat_more_columns, uniq_robin
D:4:      layout_loops_ring, nicolae_wu_jian_wuxing_cycle,
          mainiacjoe_overflow_chevrons
D:5:      layout_loops_ring, uniq_crazy_yiuf_cottage, uniq_sigmund

Skill      XL: |  1  2  3  4  5 |
---------------+----------------+-----
Shields        | 4 5 |  5.4
Fighting       | 4 5 |  5.4
Armour         | 4 5 |  5.5
Axes           | 3 4 |  4.7

Action                   |  1- 3 |  4- 6 || total
-------------------------+-------+-------++-------
Melee: War axe           |    54 |   124 ||   178
       Headbutt          |     8 |    17 ||    25
Throw: Stone             |     4 |       ||     4
Armor: Scale mail        |    29 |    41 ||    70
       Plate armour      |       |    27 ||    27
Dodge: Dodged            |    22 |    64 ||    86
Block: Buckler           |    13 |    31 ||    44

Table legend: (Time is in decaauts)
 A = Elapsed time spent in this place.
 B = Non-inter-level travel time spent in this place.
 C = Inter-level travel time spent in this place.
 D = Time resting spent in this place.
 E = Time spent auto-exploring this place.
 F = Levels seen in this place.
 G = Mean time per level.
                   A        B        C        D        E       F      G
               +--------+--------+--------+--------+--------+-----+--------+
         Total |   3679 |   3522 |    157 |    278 |   2686 |   5 |  735.8 |
       Dungeon |   3679 |   3522 |    157 |    278 |   2686 |   5 |  735.8 |
               +--------+--------+--------+--------+--------+-----+--------+

Top non-repeatable levels by time:
     D:3: 1036 daAuts
     D:1: 1021 daAuts
     D:2: 803 daAuts
     D:4: 762 daAuts
     D:5: 56 daAuts
